 Dungeon Crawl Stone Soup version 0.29.1-13-g9f3cf754e1 (webtiles) character file.

Game seed: 16621021777852629027

27 DemonSlayer the Digger (level 2, -2/19 HPs)
             Began as a Demonspawn Earth Elementalist on Jan 21, 2023.
             Slain by a gnoll
             ... wielding a +0 whip
              (7 damage)
             ... on level 2 of the Dungeon.
             The game lasted 00:01:30 (1107 turns).

DemonSlayer the Digger (DsEE)                       Turns: 1107, Time: 00:01:31

Health: -2/19      AC:  3    Str:  8    XL:     2   Next: 93%
Magic:  5/5        EV: 11    Int: 16    God:
Gold:   54         SH:  0    Dex: 13    Spells: 4/5 levels left

rFire   + . .      SeeInvis .   e - +2 short sword (speed)
rCold   . . .      Faith    .   (no shield)
rNeg    . . .      Spirit   .   f - +0 leather armour
rPois   .          Reflect  .   (no helmet)
rElec   .          Harm     .   (no cloak)
rCorr   .          Rampage  .   (no gloves)
Will    .....                   (no boots)
Stlth   +.........              (no amulet)
HPRegen 0.06/turn               g - ring of protection from fire
MPRegen 0.09/turn               (no ring)

@: confused, ambrosia-drunk
A: hooves 1
a: no special abilities


You were on level 2 of the Dungeon.
You visited 1 branch of the dungeon, and saw 2 of its levels.

You collected 54 gold pieces.

Inventory:

Hand Weapons
 e - a +2 short sword of speed (weapon)
Armour
 f - a +0 leather armour (worn)
Jewellery
 g - a ring of protection from fire (left hand)
Scrolls
 h - a scroll of poison {unknown}
Potions
 a - a potion of ambrosia
 c - a potion of might {unknown}
 d - a potion of haste {unknown}


   Skills:
 + Level 0.1 Short Blades
 + Level 0.1 Armour
 + Level 2.0 Dodging
 + Level 2.2 Stealth
 + Level 2.3 Spellcasting
 + Level 0.8 Transmutations
 + Level 3.0 Earth Magic


You had 4 spell levels left.
You knew the following spells:

 Your Spells              Type           Power      Damage    Failure   Level
a - Sandblast             Erth           22%        2d7       9%          1

Your spell library contained the following spells:

 Spells                   Type           Power      Damage    Failure   Level
 Passwall                 Tmut/Erth      6%         N/A       21%         2
 Stone Arrow              Conj/Erth      12%        3d7       43%         3
 Petrify                  Tmut/Erth      8%         N/A       78%         4


Dungeon Overview and Level Annotations

Branches:
Dungeon (2/15)

Altars:

Shops:
D:2 ?


Innate Abilities, Weirdness & Mutations

You have large cloven feet.


Message History

The gnoll hits you with a +0 club.
The blast of sand hits the gnoll!
The gnoll is almost dead.
The gnoll barely misses you.
A gnoll comes into view. It is wielding a +0 club.
The blast of sand hits the gnoll.
You kill the gnoll!
The gnoll shouts!
The gnoll hits you with a +0 whip.
Your Earth Magic skill increases to level 3!
The blast of sand hits the gnoll.
The gnoll is lightly wounded.
The gnoll hits you with a +0 whip. x2
You are too injured to fight recklessly!
Magic courses through your body. The gnoll hits you but does no damage.
The gnoll hits you with a +0 whip.
* * * LOW HITPOINT WARNING * * *
You are too injured to fight recklessly!
Casting: Sandblast (safe; 9% risk of failure)
Confirm with . or Enter, or press ? or * to list all spells.
Aiming: Sandblast (safe; 9% risk of failure)
Press: ? - help, Shift-Dir - straight line, f/p - gnoll
Aim: a gnoll, wielding a +0 whip (lightly wounded, 84% to hit)
The blast of sand hits the gnoll.
The gnoll is lightly wounded.
Unknown command.
It was a potion of ambrosia.
You are confused.
You feel invigorated. The gnoll barely misses you.
The gnoll closely misses you.
You hit the gnoll. You kick the gnoll.
The gnoll is severely wounded.
The gnoll barely misses you. x2
You're too confused to move!
The gnoll hits you with a +0 club. The gnoll hits you with a +0 whip.
* * * LOW HITPOINT WARNING * * *
You barely miss the gnoll.
The gnoll is lightly wounded.
The gnoll barely misses you. The gnoll hits you with a +0 whip!
You die...

.#.#.#.#########
#
.................
..
##..........####
#.. #..........#
:#.# #...<......#
...# #..........#
#..#
####..#..######
.∩.#
...##.......##..#
..#.
#...###.@gg.# ###
###.....g##.#
#.......##.## #
..####.###...
.... ?##...
###.##. ....#
#.### #... #.#
... #. ).


You could see 3 gnolls.

Vanquished Creatures
  A gnoll (D:2)
  2 bats (D:1)
  2 endoplasms (D:1)
  2 giant cockroaches (D:1)
  A goblin (D:1)
  A frilled lizard (D:1)
  5 kobolds (D:1)
  2 rats (D:1)
16 creatures vanquished.

Notes
Turn   | Place    | Note
-------+----------+-------------------------------------------
     0 | D:1      | DemonSlayer the Demonspawn Earth Elementalist began the
                  | quest for the Orb.
     0 | D:1      | Reached XP level 1. HP: 13/13 MP: 3/3
   403 | D:1      | Gained mutation: You have large cloven feet. [demonic
                  | ancestry]
   403 | D:1      | Reached XP level 2. HP: 19/19 MP: 5/5
   853 | D:1      | Found a faded altar of an unknown god.
  1093 | D:2      | Found Tuiqaoneak's Magic Scroll Boutique.
  1100 | D:2      | Reached skill level 3 in Earth Magic
  1107 | D:2      | Slain by a gnoll

Illustrated notes

Levels and vault maps discovered:
D:1:      arrival_zaba_pyramid, layout_basic, chequers_ecumenical_altar_grove
D:2:      layout_rooms, basic_altar, serial_shops, nicolae_shop_hallway_plus,
          nicolae_shop_hallway_stairs, nicolae_diamond_shop, shop, shop,
          chequers_avenue

Skill      XL: |  1  2 |
---------------+-------+-----
Dodging        | 2 |  2.0
Stealth        | 2 |  2.2
Earth Magic    | 3 |  3.0
Short Blades   | |  0.1
Armour         | |  0.1
Spellcasting   | |  2.3
Transmutations | |  0.8

Action                   || total
-------------------------++-------
Melee: Short sword       ||    15
       Kick              ||     3
 Cast: Sandblast         ||    13
  Use: Potion            ||     2
 Stab: Sleeping          ||     2
Armor: Leather armour    ||     3
Dodge: Dodged            ||    15
